Map: Overgrown Facility

Players

VIETCONG

  • Race: Terran Terran
  • Spawn Location: 9:00

Gurley

  • Race: Terran Terran
  • League: Gold
  • Spawn Location: 7:00

Throwfordays - Winner!

  • Race: Protoss Protoss
  • League: Silver
  • Spawn Location: 3:00

Faust - Winner!

  • Race: Protoss Protoss
  • League: Diamond
  • Spawn Location: 1:00

VOD

Have the link to the VOD?

Description

Time

  • Played on: Feb. 26, 2019, 6:15 p.m.
  • Length: 21:34
Show
View Real Time Build Order
Export as new Build Order

VIETCONG Terran 

Build Orders:  

Get SALT Encoding   

  12  0:01  SCV  
  13  0:14  SCV  
  14  0:20  Supply Depot  
  14  0:26  SCV  
  15  0:31  Refinery  
  15  0:42  SCV  
  16  0:47  Barracks  
  16  0:54  SCV  
  17  1:06  Barracks  
  17  1:09  SCV  
  18  1:21  SCV  
  19  1:32  Supply Depot  
  19  1:44  Refinery  
  19  1:45  Reaper  
  21  1:54  Reaper  
  21  2:04  Barracks  
  21  2:07  Supply Depot  
  21  2:17  Reaper  
  22  2:30  Reaper  
  22  2:35  Orbital Command  
  23  2:52  Reaper x2  
  25  3:28  Reaper x2  
  27  3:50  Marine  
  28  3:59  Marine  
  28  4:00  Reaper  
  30  4:05  SCV  
  30  4:08  Reaper  
  32  4:17  SCV  
  32  4:22  Marine  
  34  4:29  SCV  
  35  4:32  Marine  
  34  4:39  Marine  
  34  4:40  Reaper  
  36  4:59  Reaper x2  
  38  5:12  SCV  
  39  5:14  Reaper  
  38  5:24  SCV  
  39  5:36  SCV  
  39  5:42  Marine x2  
  35  5:46  Marine  
  35  5:48  Engineering Bay  
  37  6:00  Marine x2  
  39  6:09  Supply Depot  
  39  6:15  Missile Turret  
  39  6:17  Missile Turret  
  39  6:20  Command Center  
  39  6:23  Hi-Sec Auto Tracking  
  39  6:30  Marine x3  
  42  6:34  Missile Turret  
  37  6:47  Missile Turret  
  37  6:48  Marine  
  37  6:52  Marine x2  
  38  7:06  Marine  
  39  7:09  Missile Turret  
  39  7:10  Marine x2  
  41  7:17  Supply Depot  
  41  7:20  Neosteel Armor  
  41  7:21  Factory  
  41  7:24  Marine  
  42  7:35  Missile Turret  
  42  7:36  Planetary Fortress  
  42  7:37  Bunker  
  42  7:49  Marine x2  
  42  7:50  Marine  
  45  7:57  Refinery  
  44  8:07  Marine x3  
  34  8:25  Marine x3  
  35  8:43  Marine x3  
  38  8:50  SCV  
  39  8:55  Refinery  
  39  9:00  Terran Infantry Armor Level 1  
  39  9:01  Marine x2  
  39  9:02  SCV  
  42  9:05  Barracks Tech Lab  
  42  9:08  Factory Tech Lab  
  39  9:11  Starport  
  39  9:14  SCV, Armory  
  39  9:16  Factory  
  37  9:18  Marine  
  37  9:19  Marine  
  36  9:29  Marine  
  36  9:36  Marine x2  
  36  9:38  SCV  
  39  9:47  Marine  
  39  9:50  SCV  
  41  9:53  Starport Reactor  
  41  9:54  Marine x2  
  43  10:01  Factory Tech Lab  
  43  10:02  SCV  
  43  10:04  Marine, Sensor Tower  
  45  10:08  Thor  
  45  10:12  Marine  
  45  10:13  Combat Shield  
  52  10:14  SCV  
  52  10:17  Supply Depot  
  53  10:22  Terran Vehicle Weapons Level 1  
  53  10:26  SCV  
  53  10:27  Marine x2  
  56  10:53  Marine x2  
  56  10:54  Marine  
  45  11:11  Marine x3  
  48  11:21  Thor  
  48  11:24  Medivac  
  56  11:26  Medivac  
  56  11:29  Marine x3  
  56  11:31  Missile Turret  
  61  11:47  Marine  
  61  11:49  Thor  
  68  11:58  Supply Depot  
  68  11:59  Sensor Tower  
  62  12:23  Thor  
  62  12:24  Marine x3  
  71  12:37  Thor  
  71  12:42  Marine  
  78  12:51  Missile Turret  
  78  12:55  Command Center  
  72  14:27  Thor x2  
  72  14:28  Marine x2  
  72  14:29  Marine  
  69  14:44  Stimpack  
  53  14:47  Marauder  
  53  14:49  SCV  
  56  14:56  Orbital Command  
  56  15:00  Missile Turret x2  
  56  15:01  SCV  
  57  15:11  Refinery  
  57  15:13  SCV  
  58  15:17  Thor  
  58  15:18  Thor  
  58  15:20  Medivac  
  58  15:21  Marine x2  
  73  15:23  Marauder  
  72  15:39  Marine x2  
  70  15:44  Marine  
  63  15:56  Marine  
  63  15:57  Marine  
  64  16:00  Thor  
  64  16:01  Siege Tank  
  64  16:02  Marine  
  59  16:33  Barracks Tech Lab, Siege Tank  
  59  16:39  Barracks Tech Lab  
  57  16:42  Thor  
  59  17:06  Thor  
  59  17:08  Marauder x3  
  50  17:26  Siege Tank  
  50  17:29  Marine x2, Marauder  
  48  17:46  Marine  
  48  17:47  Marine  
  48  17:49  Siege Tank  
  48  17:50  Marine  
  54  18:04  Marine  
  54  18:05  Marine  
  56  18:08  Marine  
  57  18:21  Command Center  
  57  18:27  Missile Turret  
  57  18:28  Marine x3  
  60  18:45  Marine, Terran Vehicle And Ship Armor Level 1  
  60  18:46  Marine x2  
  60  18:47  Missile Turret  
  63  18:58  Refinery  
  63  19:03  Marine x2  
  65  19:10  Missile Turret  
  65  19:26  Marine  
  65  19:27  Marine x2  
  68  19:44  Marine x2  
  68  19:45  Marine  
  71  19:48  Thor x2  
  72  20:01  Viking  
  40  20:15  Missile Turret  
  40  20:18  Missile Turret  
  40  20:29  Orbital Command  
  40  20:36  Marine x2  
  40  20:37  Marine  
  43  21:03  Marine x2  
  43  21:04  Medivac  
  39  21:09  Marine  
Show
View Real Time Build Order
Export as new Build Order

Gurley Terran 

Build Orders:  

Get SALT Encoding   

  12  0:03  SCV  
  13  0:15  SCV  
  14  0:25  Supply Depot  
  14  0:26  Refinery  
  14  0:33  SCV  
  15  0:49  Barracks  
  15  0:58  Barracks  
  15  1:01  SCV  
  16  1:14  SCV  
  16  1:16  Refinery  
  17  1:31  Supply Depot  
  17  1:34  SCV  
  17  1:37  Reaper  
  18  1:47  Reaper  
  18  2:10  Reaper  
  19  2:20  Marine  
  20  2:30  Factory  
  20  2:37  Marine  
  21  2:50  Marine  
  23  2:59  Supply Depot, Orbital Command  
  22  3:08  Reaper x2  
  24  3:48  Marine x2  
  23  4:52  Reaper x2, Factory Tech Lab  
  25  4:55  SCV  
  25  4:56  Factory  
  24  5:07  SCV  
  20  5:16  Siege Tank  
  20  5:20  SCV  
  24  5:23  Marine  
  24  5:24  Marine  
  26  5:31  Command Center  
  26  5:32  SCV  
  27  5:41  Marine x2  
  29  5:43  Factory Tech Lab  
  29  5:44  SCV, Starport  
  30  5:56  SCV  
  31  5:59  Marine x2  
  31  6:02  Engineering Bay  
  33  6:08  SCV  
  34  6:17  Marine  
  34  6:18  Barracks  
  35  6:19  Supply Depot  
  35  6:20  SCV, Barracks  
  35  6:22  Supply Depot  
  35  6:25  Medivac  
  38  6:32  SCV  
  39  6:44  SCV  
  40  6:47  Barracks Tech Lab  
  40  6:50  Siege Tank  
  40  6:51  Siege Tank  
  40  6:53  Barracks Reactor  
  46  6:56  SCV  
  46  7:09  Missile Turret  
  46  7:10  Missile Turret x2  
  46  7:24  Refinery, Barracks Reactor x2  
  46  7:44  Refinery  
  42  8:24  Marine, Siege Tank x2  
  42  8:25  Marine x3  
  48  8:54  Marine x2  
  48  8:55  Marine x4  
  52  8:56  Marine  
  52  8:59  SCV  
  52  9:02  Factory  
  54  9:03  Terran Infantry Weapons Level 1  
  54  9:09  SCV  
  52  9:11  SCV  
  49  9:21  SCV  
  49  9:23  SCV  
  51  9:34  Combat Shield  
  51  9:35  SCV  
  52  9:41  Factory  
  52  9:42  SCV  
  53  9:53  Missile Turret x2  
  53  9:54  SCV, Missile Turret  
  53  9:58  Missile Turret  
  52  10:06  SCV  
  52  10:08  Factory Tech Lab  
  52  10:11  Marine x3, Factory  
  52  10:12  Marine x2  
  57  10:18  SCV  
  58  10:30  SCV  
  50  11:12  Factory Tech Lab  
  50  11:13  Viking  
  50  11:16  Marine x4  
  50  11:17  Marine x3  
  52  11:25  Factory Tech Lab  
  52  11:28  Terran Infantry Armor Level 1  
  52  11:32  Armory  
  52  11:33  Armory  
  52  11:34  Marine x3, Engineering Bay  
  52  11:35  Marine x2  
  52  11:37  Stimpack  
  57  11:46  Siege Tank  
  60  11:47  Command Center  
  60  11:48  Siege Tank x2  
  60  11:49  Siege Tank  
  69  11:55  Supply Depot  
  69  11:58  Supply Depot  
  69  12:09  Starport Reactor  
  69  12:15  Starport  
  69  12:17  Siege Tank  
  72  12:26  Marine  
  72  12:27  Marine x6  
  79  12:44  Marine, Thor  
  86  12:54  Supply Depot  
  86  12:58  Marine x2  
  88  13:24  Viking x2  
  88  13:25  Thor  
  98  13:31  Supply Depot  
  66  14:02  Marine x7  
  71  14:05  Siege Tank x2  
  71  14:06  Siege Tank  
  71  14:08  Terran Vehicle Weapons Level 1  
  82  14:13  Terran Vehicle And Ship Armor Level 1  
  82  14:23  SCV  
  83  14:31  SCV  
  84  14:43  SCV  
  84  14:45  Marine x3, Siege Tank x2  
  91  14:46  Marine  
  91  14:52  SCV  
  96  14:55  SCV  
  96  14:57  Supply Depot  
  96  14:59  Supply Depot  
  87  15:04  SCV  
  68  15:07  SCV  
  68  15:11  Thor  
  68  15:12  Thor  
  68  15:13  Marine x2  
  78  15:14  Medivac  
  78  15:16  SCV  
  78  15:19  SCV  
  82  15:28  SCV  
  82  15:35  Marine x3  
  71  15:36  Marine x2  
  71  15:37  Thor  
  71  15:38  Medivac x2  
  71  15:40  SCV  
  80  15:52  Marine  
  80  15:53  Marine x3  
  80  15:54  Marine  
  80  15:56  Planetary Fortress  
  80  16:03  Siege Tank  
  80  16:04  Siege Tank  
  86  16:06  Marine x2  
  86  16:10  Marine  
  86  16:11  Marine x2  
  90  16:18  Terran Vehicle Weapons Level 2  
  91  16:24  Refinery  
  91  16:25  Refinery  
  91  16:41  Siege Tank  
  94  16:56  Siege Tank  
  97  17:09  Command Center  
  89  17:23  Marine  
  89  17:24  Marine x4  
  89  17:25  Siege Tank x2  
  83  17:37  Marine x2  
  83  17:38  Terran Infantry Weapons Level 2  
  83  17:41  Marine  
  86  17:50  SCV  
  87  17:55  SCV  
  88  18:02  SCV  
  89  18:08  SCV  
  90  18:14  SCV  
  88  18:20  SCV  
  88  18:27  Marine, SCV  
  90  18:28  Marine x6  
  90  18:31  Terran Infantry Armor Level 2  
  90  18:32  SCV  
  90  18:33  Terran Vehicle And Ship Armor Level 2  
  98  18:39  SCV  
  99  18:45  Marine x2  
  99  18:46  Marine x5  
  106  18:55  Refinery  
  106  19:03  Marine x3  
  109  19:12  Refinery  
  109  19:21  Siege Tank x2  
  109  19:22  Marine x2, Siege Tank x2  
  109  19:23  Marine x2  
  125  19:25  Starport Tech Lab  
  125  19:27  SCV  
  126  19:39  SCV  
  127  19:52  SCV  
  113  20:09  Marine  
  113  20:10  Marine x6  
  120  20:27  Marine  
  120  20:28  Marine x6  
  99  20:45  Marine x3  
  99  20:46  Marine x4  
  106  20:55  Medivac x2  
  106  20:56  Medivac  
  112  21:03  Marine x4  
  112  21:04  Marine x3  
Show
View Real Time Build Order
Export as new Build Order

Throwfordays Protoss - Winner!

Build Orders: Nexus First 

Get SALT Encoding   

  12  0:02  Probe  
  14  0:14  Probe  
  14  0:23  Pylon  
  14  0:26  Probe  
  15  0:41  Probe  
  16  1:00  Nexus  
  16  1:03  Probe  
  17  1:13  Gateway  
  17  1:27  Pylon  
  17  1:35  Assimilator  
  17  1:37  Probe  
  17  1:39  Assimilator  
  18  1:47  Pylon  
  18  1:49  Probe  
  19  2:01  Probe  
  20  2:14  Probe  
  20  2:15  Cybernetics Core  
  21  2:16  Probe  
  22  2:24  Probe  
  22  2:26  Probe  
  24  2:32  Zealot  
  24  2:33  Probe  
  27  2:38  Probe  
  28  2:46  Probe  
  29  2:54  Stargate  
  29  2:58  Probe x2  
  31  3:01  Adept  
  30  3:10  Probe x2  
  32  3:22  Probe x2  
  32  3:23  Forge  
  32  3:34  Probe x2  
  35  3:46  Probe x2  
  25  3:58  Photon Cannon, Probe  
  25  4:01  Pylon  
  17  4:21  Probe  
  18  4:30  Probe  
  18  4:33  Probe  
  18  4:37  Adept  
  18  4:38  Probe  
  20  4:43  Pylon  
  21  4:45  Probe  
  21  4:46  Probe  
  21  4:48  Oracle  
  21  4:49  Pylon  
  23  4:58  Probe x2  
  25  5:04  Photon Cannon  
  25  5:10  Probe x2  
  25  5:43  Adept  
  25  5:44  Warp Gate  
  25  5:48  Probe  
  28  6:00  Probe  
  28  6:02  Photon Cannon  
  29  6:06  Photon Cannon  
  29  6:10  Photon Cannon  
  29  6:12  Probe  
  29  6:14  Assimilator  
  29  6:16  Photon Cannon  
  29  6:17  Assimilator  
  30  6:21  Probe  
  30  6:24  Adept  
  33  6:26  Probe  
  33  6:29  Probe  
  34  6:34  Probe  
  34  6:39  Probe  
  36  6:43  Probe  
  36  6:51  Probe  
  37  6:55  Probe  
  37  6:56  Phoenix  
  37  7:00  Adept  
  42  7:03  Probe  
  42  7:07  Probe  
  44  7:12  Pylon  
  44  7:15  Probe  
  45  7:17  Pylon  
  45  7:20  Probe  
  46  7:30  Protoss Air Weapons Level 1, Phoenix, Probe  
  46  7:32  Probe  
  46  7:34  Pylon  
  50  7:40  Pylon  
  50  7:42  Probe  
  51  7:45  Probe  
  52  7:54  Probe  
  52  7:57  Probe  
  54  8:09  Probe  
  47  8:21  Probe  
  47  8:22  Adept  
  50  8:32  Protoss Ground Weapons Level 1  
  44  8:45  Adept  
  42  9:11  Adept  
  42  9:16  Phoenix  
  46  9:27  Pylon  
  46  9:30  Photon Cannon  
  46  9:31  Probe  
  47  9:32  Photon Cannon  
  47  9:33  Assimilator  
  47  9:35  Probe  
  48  9:39  Pylon  
  48  9:41  Pylon, Phoenix  
  48  9:43  Probe  
  51  9:47  Probe  
  51  9:52  Pylon  
  52  9:56  Pylon  
  52  9:59  Stargate  
  52  10:01  Stargate  
  52  10:04  Stargate  
  52  10:06  Fleet Beacon  
  52  10:14  Void Ray  
  52  10:16  Adept  
  58  10:39  Adept  
  54  11:01  Adept  
  52  11:13  Protoss Ground Armor Level 1  
  52  11:21  Gateway  
  52  11:22  Gateway  
  52  11:23  Gateway  
  52  11:25  Gateway  
  52  11:28  Gateway  
  52  11:31  Forge  
  52  11:35  Void Ray x2  
  52  11:36  Void Ray x2  
  68  12:07  Adept  
  70  12:09  Pylon  
  70  12:23  Nexus  
  70  12:24  Pylon  
  70  12:26  Protoss Shields Level 1  
  70  12:27  Protoss Air Weapons Level 2  
  70  12:31  Zealot x2  
  70  12:32  Zealot x4  
  82  12:38  Twilight Council  
  82  12:49  Void Ray x2  
  90  12:54  Assimilator  
  90  12:58  Assimilator  
  90  13:05  Nexus  
  90  13:11  Zealot x5  
  90  13:12  Zealot  
  102  13:28  Charge  
  88  13:48  Protoss Ground Weapons Level 2  
  54  13:51  Zealot x5  
  54  13:52  Zealot  
  66  14:02  Void Ray x3  
  70  14:03  Void Ray  
  82  14:14  Nexus  
  82  14:18  Pylon  
  82  14:27  Zealot  
  82  14:28  Zealot  
  71  15:14  Nexus  
  69  15:16  Pylon  
  69  15:22  Protoss Ground Armor Level 2  
  69  15:29  Zealot x3  
  69  15:30  Zealot x3  
  69  15:33  Resonating Glaives  
  79  16:49  Probe  
  79  16:53  Probe  
  81  16:55  Probe  
  82  17:01  Probe  
  82  17:05  Probe  
  82  17:08  Probe  
  85  17:13  Probe  
  86  17:17  Probe  
  86  17:20  Probe  
  60  17:25  Void Ray x4  
  60  17:26  Probe  
  71  17:38  Probe  
  72  17:52  Protoss Ground Weapons Level 3  
  72  17:58  Void Ray x4  
  72  18:04  Protoss Ground Armor Level 3  
  72  18:10  Protoss Air Weapons Level 3, Nexus  
  72  18:11  Pylon  
  88  18:42  Zealot x4  
  88  18:43  Zealot  
  88  18:47  Zealot  
  100  19:01  Probe  
  101  19:09  Zealot  
  103  19:10  Zealot  
  103  19:13  Probe  
  106  19:25  Probe  
  107  19:36  Zealot x6  
  107  19:37  Probe  
  120  19:50  Probe  
  121  20:39  Void Ray  
  121  20:40  Void Ray x3  
  121  20:42  Zealot x3  
  141  20:43  Zealot x2  
  141  20:49  Pylon  
  147  20:51  Pylon  
  147  20:53  Pylon  
  147  20:55  Pylon  
  147  20:56  Pylon  
  147  20:58  Pylon  
Show
View Real Time Build Order
Export as new Build Order

Faust Protoss - Winner!

Build Orders: Cannon Rush 

Get SALT Encoding   

  12  0:01  Probe  
  13  0:13  Probe  
  14  0:19  Pylon  
  14  0:27  Probe  
  15  0:40  Forge, Probe  
  16  0:52  Probe  
  17  1:02  Pylon  
  17  1:04  Probe  
  18  1:22  Photon Cannon  
  18  1:25  Photon Cannon  
  18  1:27  Pylon  
  18  1:29  Probe  
  19  1:59  Photon Cannon  
  19  2:03  Probe  
  20  2:15  Probe  
  20  2:27  Probe  
  20  2:28  Pylon  
  21  2:33  Photon Cannon  
  21  2:34  Gateway  
  21  2:39  Probe  
  22  2:48  Photon Cannon  
  22  2:50  Photon Cannon  
  20  2:51  Probe  
  20  2:52  Photon Cannon  
  21  3:02  Assimilator  
  21  3:03  Probe  
  22  3:15  Probe  
  22  3:18  Assimilator  
  23  3:24  Cybernetics Core  
  23  3:28  Probe  
  24  3:40  Probe  
  25  3:47  Gateway  
  25  3:48  Gateway  
  25  3:52  Gateway  
  25  4:16  Warp Gate  
  23  4:46  Pylon  
  23  4:50  Photon Cannon  
  23  4:54  Pylon  
  19  5:22  Pylon  
  19  5:27  Shield Battery  
  18  5:46  Adept  
  18  5:47  Adept x2  
  24  5:52  Pylon  
  24  6:02  Assimilator  
  24  6:03  Nexus  
  24  6:04  Pylon  
  24  6:17  Twilight Council  
  24  6:25  Adept  
  24  6:26  Adept x2  
  24  6:31  Probe  
  31  6:43  Probe  
  32  6:55  Probe  
  33  7:07  Probe  
  34  7:15  Adept x2  
  34  7:16  Adept x2, Probe  
  34  7:21  Probe  
  44  7:24  Probe  
  44  7:26  Resonating Glaives  
  44  7:29  Pylon  
  45  7:33  Probe  
  45  7:34  Probe  
  47  7:45  Probe  
  47  7:46  Probe  
  43  8:18  Adept x3, Probe  
  43  8:19  Adept  
  41  8:21  Probe  
  41  8:24  Assimilator  
  41  8:26  Probe  
  43  8:27  Assimilator  
  43  8:33  Probe  
  45  8:35  Probe  
  46  8:45  Probe  
  47  8:50  Probe  
  48  8:57  Probe  
  49  9:03  Probe  
  49  9:04  Pylon  
  44  9:20  Probe x2  
  46  9:29  Adept  
  46  9:30  Adept x2  
  46  9:31  Adept  
  54  9:33  Nexus  
  54  9:34  Blink  
  54  9:36  Pylon  
  54  9:41  Pylon  
  54  9:45  Gateway  
  54  9:47  Gateway  
  54  9:49  Gateway  
  54  9:50  Assimilator  
  54  9:51  Probe x2  
  56  9:52  Assimilator  
  54  10:05  Adept x3  
  56  10:23  Forge  
  56  10:25  Forge  
  56  10:31  Probe x2  
  56  10:35  Adept x2  
  62  10:43  Probe x2  
  64  11:01  Adept x4  
  64  11:03  Adept  
  64  11:04  Adept  
  58  11:21  Probe x2  
  58  11:22  Probe  
  61  11:32  Protoss Ground Weapons Level 1, Protoss Ground Armor Level 1  
  61  11:33  Probe x2  
  61  11:38  Nexus  
  61  11:39  Pylon  
  63  11:51  Shield Battery  
  63  11:52  Photon Cannon  
  63  12:02  Stalker x5  
  73  12:20  Probe  
  73  12:21  Probe  
  73  12:22  Probe  
  76  12:28  Probe  
  76  12:29  Probe  
  76  12:30  Probe  
  79  12:37  Probe  
  80  12:50  Stalker x2  
  80  12:51  Stalker x3  
  90  13:01  Probe x3  
  90  13:02  Probe  
  94  13:08  Stalker x2  
  98  13:13  Probe x2  
  92  13:41  Adept x2  
  92  13:42  Adept x4  
  92  13:43  Adept  
  106  13:50  Protoss Ground Weapons Level 2, Protoss Ground Armor Level 2  
  96  14:07  Zealot x4  
  96  14:08  Zealot x3  
  94  14:47  Adept x2  
  94  14:48  Adept x5  
  94  14:49  Probe  
  94  14:50  Probe x2  
  109  14:53  Probe  
  109  14:57  Probe  
  109  14:58  Probe x2  
  115  15:15  Probe x2  
  115  15:16  Probe x2  
  119  15:21  Assimilator  
  119  15:23  Assimilator  
  119  15:26  Photon Cannon  
  119  15:27  Probe x2  
  119  15:28  Probe  
  122  15:30  Photon Cannon  
  122  15:33  Pylon  
  106  15:54  Probe x4  
  106  15:56  Adept x5  
  120  16:14  Pylon  
  120  16:28  Probe x2  
  122  16:37  Zealot x2  
  122  16:38  Zealot x4  
  122  16:39  Zealot  
  136  16:56  Pylon  
  136  16:59  Protoss Ground Weapons Level 3, Protoss Ground Armor Level 3  
  90  17:36  Nexus  
  76  17:37  Stalker x5  
  76  17:38  Stalker x2  
  90  17:47  Pylon  
  89  18:10  Gateway x2  
  89  18:12  Gateway  
  89  18:14  Gateway  
  81  18:24  Stalker  
  81  18:25  Stalker x5  
  86  18:27  Stalker  
  86  18:32  Pylon  
  88  18:34  Pylon  
  88  18:36  Dark Shrine  
  88  18:38  Gateway x2  
  88  18:40  Gateway  
  88  18:42  Gateway  
  88  18:44  Gateway  
  88  18:45  Adept x2  
  88  18:46  Adept  
  88  18:48  Zealot x3  
  96  18:50  Zealot  
  102  18:56  Gateway  
  102  18:59  Gateway  
  102  19:04  Pylon  
  102  19:06  Zealot x2  
  102  19:07  Pylon, Zealot  
  102  19:08  Zealot x2  
  112  19:10  Zealot x2  
  112  19:11  Pylon, Zealot  
  118  19:23  Gateway  
  118  19:24  Stalker x2  
  118  19:25  Gateway  
  118  19:29  Adept  
  118  19:30  Adept x4  
  129  19:35  Adept  
  129  19:36  Adept x2  
  70  20:08  Adept x3  
  70  20:09  Adept x3  
  70  20:10  Adept x4  
  70  20:11  Adept x3  
  72  20:29  Adept x4  
  72  20:30  Adept x7  
  90  20:48  Nexus  
  90  20:53  Stalker x3  
  90  20:54  Stalker x6  
  90  20:55  Stalker x4  
  114  21:03  Nexus  
  114  21:04  Pylon  
Tags
 
Add a new tag
Caveats
  • Supply blocks, unpowered buildings, or Contaminate may cause inaccurate times.
  • Supply counts are checked every 10 seconds.